Map: [ESL] Alcyone

Players

Cure

  • Race: Terran Terran
  • Spawn Location: 7:00

SHIN - Winner!

  • Race: Zerg Zerg
  • Spawn Location: 1:00

Event: IEM Katowice 2024

VOD

Have the link to the VOD?

Description

Time

  • Played on: Feb. 8, 2024, 10:03 a.m.
  • Length: 14:06

All games in this series

Show
View Real Time Build Order
Export as new Build Order

Cure Terran 

Build Orders:  

Get SALT Encoding   

  12  0:00  SCV  
  13  0:12  SCV  
  14  0:17  Supply Depot  
  14  0:24  SCV  
  15  0:39  Barracks, SCV  
  15  0:42  Refinery  
  16  0:51  SCV  
  17  0:59  Barracks  
  17  1:03  SCV  
  18  1:15  SCV  
  19  1:26  Reaper  
  19  1:27  Orbital Command  
  20  1:34  Supply Depot  
  20  1:45  Reaper  
  21  1:53  SCV  
  22  2:01  Reaper  
  22  2:05  SCV  
  24  2:09  Command Center  
  24  2:15  Refinery  
  24  2:17  SCV  
  24  2:20  Marine  
  26  2:29  SCV  
  27  2:39  Factory  
  27  2:41  SCV  
  28  2:52  Barracks Reactor  
  28  2:53  SCV  
  29  3:05  Command Center, SCV  
  30  3:07  Barracks Tech Lab  
  30  3:17  SCV  
  31  3:23  Orbital Command  
  31  3:26  Factory Reactor, Starport  
  31  3:29  SCV  
  32  3:37  Marine x3  
  35  3:41  SCV  
  35  3:44  Stimpack  
  36  3:50  SCV  
  36  3:54  SCV  
  38  4:02  Hellion x2  
  42  4:03  SCV  
  42  4:05  Liberator  
  46  4:17  SCV x2  
  51  4:18  Orbital Command  
  51  4:22  Supply Depot  
  51  4:23  Hellion x2  
  52  4:27  Marine x2  
  52  4:29  SCV x2  
  56  4:32  Marine  
  57  4:39  Supply Depot  
  57  4:41  SCV x2  
  57  4:43  SCV  
  60  4:45  Supply Depot  
  60  4:50  Marine  
  61  4:53  Factory Tech Lab  
  61  4:54  SCV x2  
  63  5:02  Medivac  
  63  5:03  Medivac  
  63  5:05  Marine x2  
  69  5:07  Marine, SCV  
  69  5:08  SCV x2  
  69  5:09  Supply Depot x2  
  73  5:19  Refinery x2  
  73  5:23  SCV x3, Marine x2  
  73  5:24  Combat Shield  
  73  5:25  Marine  
  79  5:35  SCV x2, Engineering Bay x2  
  80  5:36  Supply Depot  
  80  5:40  Marine  
  80  5:41  Marine  
  83  5:43  Orbital Command, Marine  
  83  5:47  SCV  
  85  5:51  Siege Tank  
  85  5:52  Barracks  
  85  5:56  SCV  
  89  5:58  Starport Reactor, Marine x2  
  89  5:59  SCV  
  89  6:01  Marine  
  89  6:03  Terran Infantry Weapons Level 1  
  89  6:04  Terran Infantry Armor Level 1, Supply Depot  
  93  6:09  SCV x2  
  95  6:11  SCV  
  95  6:16  Marine  
  95  6:17  Barracks  
  95  6:18  Barracks  
  97  6:21  SCV x2  
  97  6:22  Marine x2  
  97  6:24  SCV  
  102  6:28  Siege Tank  
  103  6:33  SCV x2  
  103  6:34  Marine  
  103  6:36  SCV  
  103  6:39  Marine  
  107  6:40  Medivac x2, Marine x2  
  107  6:45  SCV x2  
  107  6:46  Supply Depot  
  116  6:48  SCV  
  116  6:52  Supply Depot x2  
  117  6:58  SCV  
  117  6:59  Marine  
  117  7:00  SCV x2  
  104  7:09  Marine x4  
  104  7:10  Siege Tank, SCV  
  104  7:11  Barracks Reactor  
  104  7:12  Barracks Reactor, SCV x2  
  104  7:15  Refinery  
  113  7:16  Factory  
  113  7:17  Marine  
  113  7:18  Medivac  
  116  7:24  Armory, Refinery  
  116  7:26  Command Center, Marine  
  116  7:29  SCV x3  
  120  7:31  Marine x2  
  120  7:32  Marine  
  120  7:34  Medivac  
  125  7:38  Marine  
  125  7:42  SCV x3  
  128  7:44  Marine  
  128  7:49  Marine x2  
  130  7:53  Marine x5  
  130  7:54  Widow Mine  
  130  7:56  Marine  
  130  7:57  Medivac  
  140  8:00  Factory Reactor  
  140  8:08  Barracks, Supply Depot  
  140  8:09  Barracks x2, Supply Depot  
  140  8:14  Marine  
  141  8:30  Terran Infantry Weapons Level 2, Terran Infantry Armor Level 2, Widow Mine, Marine x8  
  141  8:31  Marine, Medivac  
  154  8:45  SCV x3  
  157  8:49  Marauder  
  157  8:52  Widow Mine  
  161  8:58  Barracks Tech Lab x3  
  161  8:59  Marine x6  
  167  9:04  SCV x3  
  167  9:06  Widow Mine  
  167  9:07  Drilling Claws  
  171  9:12  Supply Depot  
  171  9:13  Planetary Fortress, Supply Depot  
  171  9:14  Supply Depot  
  171  9:25  Terran Vehicle And Ship Armor Level 1  
  171  9:28  Command Center  
  171  9:32  Marine  
  171  9:33  Marine x2  
  171  9:34  Marine x2, Widow Mine, Marauder x2  
  171  9:35  Widow Mine x2, Marauder  
  171  9:36  Marauder  
  188  9:42  Marine x2  
  164  9:55  Widow Mine, Marauder x2  
  164  9:56  Concussive Shells, Widow Mine x2, Marauder  
  173  10:05  Marine x2  
  173  10:06  Marauder, Marine x2  
  150  10:13  Marine x4  
  140  10:17  Marauder x3  
  140  10:20  Widow Mine, Medivac x2  
  140  10:23  Marine x4  
  140  10:27  Marauder  
  132  10:31  Marine  
  132  10:35  Marine x2  
  114  10:38  Marauder x2  
  114  10:39  Marauder  
  114  10:41  Marine x2  
  100  10:44  Orbital Command  
  100  10:49  Marauder  
  100  10:50  Marine x3  
  100  10:53  Marine  
  101  10:59  Marauder, Marine x3  
  101  11:00  Marauder  
  108  11:04  Marine  
  108  11:10  Marauder  
  109  11:15  Marine  
  91  11:23  Marauder  
  93  11:28  Widow Mine  
  93  11:29  Marauder x2, Marine x5  
  93  11:32  Marauder  
  106  11:33  SCV x3, Marine  
  106  11:36  Medivac  
  112  11:43  Marine  
  112  11:45  SCV x3  
  112  11:47  Marine x3  
  116  11:50  Marine x3  
  116  11:51  Marauder, Marine  
  116  11:53  Marauder  
  122  11:57  SCV x3  
  122  12:00  Widow Mine  
  127  12:01  Marine  
  127  12:04  Marine  
  127  12:06  Marine x2  
  130  12:09  Supply Depot, Marauder, SCV  
  133  12:16  Supply Depot  
  133  12:20  Marine x3  
  133  12:21  Marauder x2  
  142  12:23  Marine  
  140  12:41  Barracks Tech Lab  
  140  12:42  Marine x2  
  140  12:43  Medivac, Marine x4  
  143  12:49  Widow Mine, Marine x2  
  143  12:50  Widow Mine  
  148  12:58  Supply Depot  
  148  12:59  Supply Depot  
  148  13:00  Orbital Command  
  148  13:07  Marine x4  
  150  13:13  Widow Mine x2  
  152  13:26  Marine x4  
  156  13:27  Marine x4  
  160  13:34  Widow Mine  
Show
View Real Time Build Order
Export as new Build Order

SHIN Zerg - Winner!

Build Orders: Pool First, Lurkers 

Get SALT Encoding   

  12  0:00  Drone  
  13  0:12  Overlord  
  13  0:17  Drone  
  14  0:30  Drone x2  
  16  0:40  Spawning Pool  
  15  0:43  Drone  
  15  0:48  Drone  
  17  1:09  Hatchery  
  17  1:11  Drone  
  17  1:27  Zergling x6  
  17  1:29  Queen  
  22  1:38  Overlord  
  22  1:40  Extractor  
  21  1:52  Drone  
  22  2:00  Drone  
  23  2:05  Queen  
  25  2:11  Drone  
  26  2:20  Queen  
  26  2:21  Drone x2  
  30  2:31  Overlord  
  30  2:32  Drone  
  31  2:37  Drone x3  
  31  2:43  Drone  
  35  2:49  Queen  
  35  2:50  Overlord  
  36  2:55  Drone  
  37  2:58  Metabolic Boost  
  37  3:02  Drone  
  36  3:14  Hatchery  
  36  3:17  Drone  
  36  3:19  Drone  
  37  3:23  Zergling x4  
  37  3:24  Zergling x2  
  40  3:29  Zergling x4  
  40  3:30  Drone  
  40  3:32  Drone  
  44  3:34  Drone  
  44  3:37  Drone  
  44  3:39  Drone  
  44  3:41  Drone  
  48  3:48  Drone x3  
  51  3:55  Overlord  
  51  3:58  Overlord  
  51  4:01  Overlord  
  51  4:04  Overlord  
  51  4:08  Extractor  
  50  4:12  Drone  
  50  4:13  Queen x2  
  55  4:18  Zergling x6  
  55  4:19  Drone  
  55  4:22  Drone x2  
  55  4:24  Drone  
  62  4:27  Drone x2  
  62  4:30  Queen  
  66  4:33  Drone  
  68  4:38  Drone x2  
  68  4:41  Zergling x2  
  68  4:42  Zergling x4  
  72  4:46  Drone x3  
  72  4:48  Drone  
  72  4:51  Queen  
  78  4:55  Overlord  
  78  4:56  Drone  
  78  4:57  Drone x2  
  78  4:59  Drone  
  82  5:02  Overlord  
  82  5:06  Overlord  
  82  5:07  Spore Crawler  
  82  5:13  Queen  
  83  5:17  Drone x2, Evolution Chamber  
  83  5:18  Drone  
  83  5:19  Drone, Evolution Chamber  
  83  5:20  Drone  
  87  5:21  Drone  
  87  5:25  Drone  
  87  5:26  Drone, Baneling Nest  
  87  5:27  Drone  
  89  5:29  Drone  
  89  5:32  Drone x2  
  89  5:34  Lair  
  92  5:36  Drone x2  
  92  5:40  Drone  
  95  5:42  Zerg Melee Weapons Level 1  
  95  5:48  Drone, Zerg Ground Armor Level 1  
  95  5:49  Drone x4  
  100  5:52  Extractor  
  100  5:53  Zergling x6, Extractor  
  101  5:57  Overlord  
  101  6:10  Overlord x4, Hatchery  
  100  6:16  Overlord  
  100  6:18  Zergling x12  
  101  6:26  Zergling x10  
  101  6:31  Zergling x8  
  109  6:37  Zergling x2  
  109  6:38  Zergling x2  
  109  6:39  Centrifugal Hooks  
  110  6:42  Baneling  
  110  6:43  Drone, Baneling x5  
  110  6:44  Drone x3  
  114  6:47  Drone  
  114  6:48  Drone  
  114  6:51  Drone x3  
  114  6:53  Drone  
  120  6:55  Drone  
  120  6:56  Extractor, Hydralisk Den  
  116  7:02  Zergling x8  
  116  7:04  Drone  
  119  7:11  Zergling x2  
  119  7:12  Zergling x2  
  119  7:15  Drone x4  
  124  7:17  Baneling x3, Hatchery  
  124  7:18  Baneling x3  
  123  7:24  Grooved Spines  
  123  7:25  Hydralisk x4  
  123  7:26  Hydralisk x2  
  123  7:28  Overlord  
  135  7:30  Baneling x3  
  135  7:31  Drone x2  
  135  7:32  Drone  
  135  7:33  Drone  
  135  7:34  Drone  
  135  7:36  Extractor  
  139  7:39  Hydralisk, Zerg Melee Weapons Level 2  
  139  7:43  Zergling x8  
  144  7:46  Queen  
  144  7:47  Drone x2  
  144  7:52  Hydralisk  
  144  7:53  Zergling x6  
  144  7:58  Zergling x8  
  153  8:00  Zerg Ground Armor Level 2  
  153  8:03  Baneling x4  
  153  8:07  Extractor  
  153  8:10  Drone x3  
  153  8:11  Zergling x2, Overlord  
  153  8:12  Zergling x6  
  159  8:15  Overlord  
  159  8:19  Spore Crawler x2, Muscular Augments, Overlord x2  
  156  8:21  Overlord  
  156  8:24  Overlord  
  154  8:27  Overlord  
  154  8:28  Overlord  
  154  8:30  Baneling x4  
  154  8:33  Zergling x2  
  154  8:34  Zergling x8  
  159  8:38  Hydralisk x2  
  159  8:41  Hydralisk x2  
  163  8:42  Zergling x2  
  163  8:44  Zergling x4  
  163  8:48  Zergling x6  
  173  8:50  Baneling x3  
  173  8:52  Zergling x8  
  176  8:56  Zergling x10  
  176  9:00  Baneling x6  
  176  9:01  Spore Crawler  
  180  9:05  Infestation Pit  
  180  9:08  Zergling x10  
  180  9:09  Pneumatized Carapace  
  184  9:16  Zergling x12  
  184  9:17  Zergling x2  
  185  9:20  Overseer x3  
  185  9:22  Zergling x8  
  189  9:28  Zergling x12  
  194  9:33  Zergling x10  
  195  9:41  Zergling x18  
  195  9:46  Zergling x8  
  199  9:55  Baneling x4  
  199  9:56  Baneling x17  
  199  9:58  Zergling x10  
  195  10:06  Zergling x2  
  187  10:07  Zergling x18  
  187  10:13  Zergling x12  
  180  10:17  Hive  
  180  10:20  Zergling x8  
  176  10:22  Zergling x6  
  176  10:27  Zergling x10  
  173  10:31  Zergling x8  
  173  10:32  Zergling x2  
  173  10:33  Zerg Missile Weapons Level 1  
  173  10:35  Zergling x4  
  166  10:36  Zergling x2  
  166  10:37  Zergling x2  
  166  10:38  Zergling x2  
  166  10:40  Zergling x4, Overseer  
  166  10:42  Hydralisk  
  161  10:46  Drone x2  
  161  10:47  Drone x2  
  161  10:49  Zergling x4  
  166  10:56  Zergling x6  
  157  11:00  Hydralisk x2  
  157  11:03  Zergling x8  
  157  11:04  Hatchery  
  155  11:06  Baneling x7  
  155  11:08  Zergling x4  
  156  11:14  Zergling x14  
  156  11:17  Zergling x6  
  142  11:21  Zergling x10  
  147  11:26  Hydralisk x3  
  147  11:27  Zergling x2  
  147  11:31  Baneling x4  
  154  11:33  Zergling x10  
  160  11:40  Zergling x4  
  160  11:44  Lurker Den  
  160  11:46  Zergling x8  
  160  11:47  Zergling x4  
  163  11:51  Zergling x12  
  163  11:56  Hydralisk  
  163  11:57  Zergling x8  
  167  12:06  Zergling x20  
  167  12:08  Baneling x4  
  176  12:12  Zergling x8  
  180  12:16  Baneling x7  
  180  12:21  Zergling x10  
  177  12:24  Overseer  
  177  12:26  Overseer  
  177  12:27  Overseer  
  177  12:42  Seismic Spines  
  175  12:45  Lurker x13  
  175  12:49  Zergling x22  
  197  12:59  Zergling x4  
  199  13:12  Zergling x16  
  198  13:23  Drone  
  198  13:25  Nydus Network  
  198  13:28  Baneling x9  
  198  13:34  Zergling x4, Hatchery  
  196  13:46  Zergling x8  

Tags
 
Add a new tag
Caveats
  • Supply blocks, unpowered buildings, or Contaminate may cause inaccurate times.
  • Supply counts are checked every 10 seconds.